[ AOE2 MATCH · #461647993 ]
1v1 RMFranks vs Bengalis
Player's team · LOSS
[ REPLAY ANALYSIS · EXTRACTED FROM THE RECORDED GAME ]
Feudal
—
Castle
—
Imperial
—
| APM avg | 51.4 |
| APM peak | 96 |
| eAPM avg | 21.9 |
| Villagers / military | 65 / 46 |
Focus
⚔️ 30.9% · 🌾 69.1%
Knight ×23 · Scout Cavalry ×20 · Battering Ram ×2 · Spearman ×1
Feudal
10:30
Castle
21:31
Imperial
—
| APM avg | 43.6 |
| APM peak | 94 |
| eAPM avg | 15.6 |
| Villagers / military | 36 / 37 |
Focus
⚔️ 29.7% · 🌾 70.3%
Spearman ×17 · Monk ×13 · Armored Elephant ×6 · Mangonel ×1
Match map
Resources at game start + every placement click. Thick line = wall · dashed box = detected house wall. 🟡 gold · ⚪ stone · 🟢 berries · 🔶 boar · ⭕ relic
Inputs per minute
— Akiditya - - Mehmet Efendi Kurukahveci
Build order — Akiditya
First 150 of 167 actions detected
| 0:00 | Create | Villager (Male) |
| 0:01 | Create | Villager (Male) |
| 0:01 | Create | Villager (Male) |
| 0:01 | Create | Villager (Male) |
| 0:02 | Build | House |
| 0:04 | Build | House |
| 1:23 | Create | Villager (Male) |
| 1:23 | Create | Villager (Male) |
| 2:08 | Create | Villager (Male) |
| 2:09 | Create | Villager (Male) |
| 2:42 | Create | Villager (Male) |
| 2:43 | Create | Villager (Male) |
| 2:43 | Create | Villager (Male) |
| 2:43 | Create | Villager (Male) |
| 2:48 | Build | Lumber Camp |
| 3:19 | Create | Villager (Male) |
| 3:20 | Create | Villager (Male) |
| 3:20 | Create | Villager (Male) |
| 3:46 | Create | Villager (Male) |
| 3:47 | Create | Villager (Male) |
| 4:05 | Create | Villager (Male) |
| 4:05 | Create | Villager (Male) |
| 4:09 | Build | House |
| 4:17 | Build | House |
| 5:09 | Create | Villager (Male) |
| 5:38 | Create | Villager (Male) |
| 5:44 | Build | Mill |
| 6:05 | Create | Villager (Male) |
| 6:06 | Create | Villager (Male) |
| 6:12 | Research | Loom |
| 8:16 | Build | Barracks |
| 8:18 | Build | House |
| 8:25 | Create | Villager (Male) |
| 8:26 | Research | Feudal Age |
| 8:27 | Research | Feudal Age |
| 8:58 | Build | Palisade Wall |
| 9:10 | Build | Palisade Wall |
| 9:51 | Build | House |
| 9:53 | Build | House |
| 9:54 | Build | House |
| 10:30 | Build | Palisade Wall |
| 10:39 | Create | Spearman |
| 10:47 | Build | Stable |
| 10:54 | Create | Villager (Male) |
| 10:55 | Create | Villager (Male) |
| 10:56 | Create | Villager (Male) |
| 11:02 | Research | Double-Bit Axe |
| 11:31 | Create | Villager (Male) |
| 11:49 | Build | Blacksmith |
| 11:54 | Build | House |
| 12:03 | Build | House |
| 12:13 | Build | House |
| 12:16 | Create | Scout Cavalry |
| 12:17 | Create | Scout Cavalry |
| 12:17 | Create | Scout Cavalry |
| 12:18 | Create | Scout Cavalry |
| 12:23 | Build | Farm |
| 12:25 | Build | Farm |
| 12:28 | Build | Farm |
| 13:16 | Create | Villager (Male) |
| 13:17 | Create | Villager (Male) |
| 13:21 | Research | Scale Barding Armor |
| 13:40 | Create | Villager (Male) |
| 14:12 | Create | Villager (Male) |
| 14:27 | Create | Villager (Male) |
| 14:32 | Create | Villager (Male) |
| 14:35 | Build | Farm |
| 14:35 | Build | Farm |
| 14:35 | Build | Farm |
| 14:36 | Build | Farm |
| 14:36 | Build | Farm |
| 14:36 | Build | Farm |
| 14:36 | Build | Farm |
| 14:36 | Build | Farm |
| 14:37 | Build | Farm |
| 14:48 | Build | Farm |
| 14:52 | Create | Villager (Male) |
| 14:53 | Create | Villager (Male) |
| 15:25 | Build | Farm |
| 15:49 | Build | Farm |
| 16:02 | Research | Forging |
| 16:32 | Create | Villager (Male) |
| 16:40 | Create | Villager (Male) |
| 16:52 | Create | Villager (Male) |
| 17:04 | Build | Mining Camp |
| 17:07 | Build | Farm |
| 17:25 | Create | Villager (Male) |
| 18:00 | Create | Scout Cavalry |
| 18:01 | Create | Scout Cavalry |
| 18:04 | Create | Scout Cavalry |
| 18:16 | Create | Scout Cavalry |
| 18:19 | Create | Villager (Male) |
| 18:20 | Create | Villager (Male) |
| 18:37 | Create | Scout Cavalry |
| 18:58 | Create | Villager (Male) |
| 19:07 | Create | Villager (Male) |
| 19:57 | Research | Castle Age |
| 19:59 | Build | Farm |
| 20:00 | Build | Farm |
| 20:00 | Build | Farm |
| 20:00 | Build | Farm |
| 20:00 | Build | Farm |
| 21:02 | Build | Stable |
| 21:23 | Create | Villager (Male) |
| 21:55 | Create | Villager (Male) |
| 22:36 | Build | House |
| 22:44 | Build | Siege Workshop |
| 22:48 | Research | Chain Barding Armor |
| 22:49 | Research | Iron Casting |
| 22:52 | Research | Husbandry |
| 23:04 | Create | Knight |
| 23:26 | Build | Town Center |
| 23:29 | Research | Bow Saw |
| 23:31 | Research | Gold Mining |
| 23:37 | Build | Stable |
| 23:39 | Create | Scout Cavalry |
| 23:40 | Create | Scout Cavalry |
| 23:43 | Create | Knight |
| 23:44 | Create | Knight ×4 |
| 23:44 | Create | Knight ×3 |
| 23:44 | Create | Knight ×3 |
| 23:57 | Research | Light Cavalry (upgrade) |
| 24:07 | Create | Knight |
| 24:08 | Create | Scout Cavalry |
| 24:09 | Create | Scout Cavalry |
| 24:21 | Create | Villager (Male) |
| 24:21 | Create | Villager (Male) |
| 24:22 | Create | Villager (Male) |
| 24:23 | Create | Villager (Male) |
| 24:26 | Research | Wheelbarrow |
| 24:27 | Research | Town Watch |
| 24:28 | Create | Villager (Male) |
| 25:16 | Create | Knight |
| 25:16 | Create | Knight ×5 |
| 25:17 | Create | Knight ×4 |
| 25:29 | Create | Battering Ram |
| 25:29 | Create | Battering Ram |
| 25:44 | Create | Villager (Male) |
| 25:45 | Create | Villager (Male) |
| 25:49 | Create | Villager (Male) |
| 25:52 | Create | Villager (Male) |
| 26:36 | Create | Scout Cavalry |
| 26:36 | Create | Scout Cavalry |
| 26:42 | Create | Villager (Male) |
| 26:43 | Create | Villager (Male) |
| 26:46 | Create | Villager (Male) |
| 26:49 | Create | Villager (Male) |
| 26:49 | Create | Villager (Male) |
| 27:10 | Research | Pikeman (upgrade) |
| 27:11 | Research | Squires |
Build order — Mehmet Efendi Kurukahveci
137 actions detected in the replay
| 0:00 | Create | Villager (Male) |
| 0:00 | Create | Villager (Male) |
| 0:02 | Build | House |
| 0:04 | Build | House |
| 0:25 | Create | Villager (Male) |
| 0:26 | Create | Villager (Male) |
| 1:26 | Create | Villager (Male) |
| 1:52 | Create | Villager (Male) |
| 2:24 | Create | Villager (Male) |
| 2:24 | Create | Villager (Male) |
| 2:35 | Build | House |
| 2:44 | Create | Villager (Male) |
| 3:02 | Build | House |
| 3:06 | Create | Villager (Male) |
| 3:49 | Create | Villager (Male) |
| 3:50 | Create | Villager (Male) |
| 3:50 | Create | Villager (Male) |
| 3:55 | Create | Villager (Male) |
| 4:06 | Create | Villager (Male) |
| 4:34 | Create | Villager (Male) |
| 4:46 | Build | Lumber Camp |
| 5:51 | Create | Villager (Male) |
| 6:02 | Create | Villager (Male) |
| 7:02 | Build | Mining Camp |
| 7:06 | Research | Loom |
| 7:43 | Build | House |
| 8:20 | Research | Feudal Age |
| 9:29 | Build | House |
| 10:30 | Age | Feudal Age |
| 10:31 | Create | Villager (Male) |
| 10:49 | Research | Double-Bit Axe |
| 11:16 | Build | Mill |
| 11:19 | Create | Villager (Male) |
| 11:55 | Build | Market |
| 12:22 | Create | Villager (Male) |
| 12:29 | Build | Barracks |
| 12:32 | Build | Mining Camp |
| 12:43 | Create | Villager (Male) |
| 12:45 | Research | Horse Collar |
| 12:57 | Research | Wheelbarrow |
| 12:58 | Create | Spearman |
| 13:03 | Research | Gold Mining |
| 13:10 | Build | House |
| 13:14 | Build | House |
| 13:20 | Build | Palisade Wall |
| 13:23 | Create | Villager (Male) |
| 13:33 | Create | Spearman |
| 13:54 | Build | Palisade Wall |
| 13:56 | Build | Palisade Wall |
| 13:57 | Build | Palisade Wall |
| 14:00 | Build | Palisade Wall |
| 14:02 | Build | Palisade Wall |
| 14:15 | Create | Villager (Male) |
| 14:47 | Create | Spearman |
| 14:58 | Build | Farm |
| 15:07 | Build | Farm |
| 15:13 | Create | Villager (Male) |
| 15:15 | Build | Farm |
| 15:31 | Build | Farm |
| 15:33 | Create | Villager (Male) |
| 15:44 | Create | Villager (Male) |
| 15:50 | Build | Farm |
| 15:52 | Create | Villager (Male) |
| 16:03 | Create | Villager (Male) |
| 16:13 | Create | Villager (Male) |
| 16:42 | Build | Farm |
| 16:59 | Create | Villager (Male) |
| 17:26 | Create | Villager (Male) |
| 17:38 | Build | Blacksmith |
| 18:51 | Research | Castle Age |
| 18:51 | Research | Castle Age |
| 19:08 | Build | House |
| 19:12 | Build | Palisade Wall |
| 19:18 | Build | Palisade Wall |
| 19:39 | Build | Palisade Wall |
| 20:10 | Research | Scale Mail Armor |
| 20:34 | Build | Palisade Wall |
| 20:37 | Build | Palisade Wall |
| 20:51 | Create | Spearman |
| 20:51 | Create | Spearman |
| 21:18 | Create | Villager (Male) |
| 21:31 | Age | Castle Age |
| 21:32 | Research | Bow Saw |
| 21:32 | Research | Bow Saw |
| 21:36 | Research | Gold Shaft Mining |
| 21:46 | Build | Siege Workshop |
| 21:51 | Build | Monastery |
| 21:54 | Create | Spearman |
| 21:54 | Create | Spearman |
| 22:03 | Create | Villager (Male) |
| 22:22 | Build | Farm |
| 22:30 | Build | Farm |
| 22:36 | Create | Spearman |
| 22:37 | Create | Spearman |
| 23:01 | Create | Villager (Male) |
| 23:04 | Create | Monk |
| 23:10 | Build | Monastery |
| 23:22 | Create | Monk |
| 23:26 | Create | Mangonel |
| 23:31 | Build | Farm |
| 23:39 | Create | Villager (Male) |
| 23:48 | Build | House |
| 23:51 | Build | Farm |
| 23:52 | Build | Farm |
| 24:02 | Research | Redemption |
| 24:09 | Create | Armored Elephant |
| 25:18 | Create | Monk |
| 25:18 | Create | Monk |
| 25:41 | Create | Monk |
| 25:41 | Create | Monk |
| 25:51 | Create | Armored Elephant |
| 25:51 | Create | Armored Elephant |
| 25:51 | Create | Armored Elephant |
| 26:04 | Build | Farm |
| 26:05 | Build | Farm |
| 26:50 | Create | Monk |
| 26:50 | Create | Monk |
| 26:50 | Create | Monk |
| 26:53 | Build | Farm |
| 26:57 | Research | Town Watch |
| 27:17 | Create | Armored Elephant |
| 27:39 | Create | Armored Elephant |
| 27:49 | Create | Spearman |
| 27:49 | Create | Spearman |
| 27:49 | Create | Spearman |
| 27:50 | Create | Spearman |
| 27:50 | Create | Spearman |
| 27:50 | Create | Spearman |
| 28:09 | Create | Spearman |
| 28:10 | Create | Spearman |
| 28:25 | Create | Monk |
| 28:25 | Create | Monk |
| 28:25 | Create | Monk |
| 28:26 | Create | Monk |
| 29:16 | Build | House |
| 29:17 | Build | House |
| 29:19 | Build | House |
Match timeline
| 8:16 | Akiditya · first_building Barracks |
| 8:58 | Akiditya · wall_segment Palisade Wall x6 |
| 9:10 | Akiditya · wall_segment Palisade Wall x4 |
| 10:30 | Mehmet Efendi Kurukahveci · age_up feudal |
| 10:30 | Akiditya · wall_segment Palisade Wall x10 |
| 10:47 | Akiditya · first_building Stable |
| 12:22 | Mehmet Efendi Kurukahveci · first_market_buy 100 food |
| 12:29 | Mehmet Efendi Kurukahveci · first_building Barracks |
| 12:35 | Mehmet Efendi Kurukahveci · first_market_sell 100 stone |
| 13:20 | Mehmet Efendi Kurukahveci · wall_segment Palisade Wall x5 |
| 13:54 | Mehmet Efendi Kurukahveci · wall_segment Palisade Wall x1 |
| 13:56 | Mehmet Efendi Kurukahveci · wall_segment Palisade Wall x1 |
| 13:57 | Mehmet Efendi Kurukahveci · wall_segment Palisade Wall x1 |
| 14:00 | Mehmet Efendi Kurukahveci · wall_segment Palisade Wall x1 |
| 14:02 | Mehmet Efendi Kurukahveci · wall_segment Palisade Wall x1 |
| 19:12 | Mehmet Efendi Kurukahveci · wall_segment Palisade Wall x3 |
| 19:18 | Mehmet Efendi Kurukahveci · wall_segment Palisade Wall x2 |
| 19:39 | Mehmet Efendi Kurukahveci · wall_segment Palisade Wall x1 |
| 20:34 | Mehmet Efendi Kurukahveci · wall_segment Palisade Wall x1 |
| 20:37 | Mehmet Efendi Kurukahveci · wall_segment Palisade Wall x1 |
| 21:31 | Mehmet Efendi Kurukahveci · age_up castle |
| 21:46 | Mehmet Efendi Kurukahveci · first_building Siege Workshop |
| 21:51 | Mehmet Efendi Kurukahveci · first_building Monastery |
| 22:44 | Akiditya · first_building Siege Workshop |
| 29:19 | Akiditya · resign |
[ AI ANALYSIS · 1 CREDIT ]
What really happened in this match?
Wolo.gg analyzes every decision: build order, eco, micro, common mistakes by bracket. Personalized analysis on WhatsApp or Discord in 30 seconds.
Civ guide
Franks
Map guide
Haboob
Perfil
Jugador #2007121